 Dungeon Crawl Stone Soup version 0.29.1-2-gbd0b4ee654 (webtiles) character file.

Game seed: 3492578490515036819

21830 fantasyman the Basher (level 12, -5/97 HPs)
             Began as a Demonspawn Berserker on Nov 8, 2022.
             Was an Elder of Trog.
             Slain by a skeletal warrior
             ... wielding a +0 war axe
              (18 damage)
             ... on level 13 of the Dungeon on Nov 12, 2022.
             The game lasted 00:28:14 (17187 turns).

fantasyman the Basher (Demonspawn Berserker)       Turns: 17187, Time: 00:28:15

Health: -5/97      AC: 28    Str: 21    XL:     12   Next: 57%
Magic:  12/12      EV: 12    Int: 11    God:    Trog [****..]
Gold:   406        SH:  5    Dex: 18    Spells: 11/11 levels left

rFire   . . .      SeeInvis .   s - +2 flail
rCold   + . .      Faith    .   J - +0 buckler
rNeg    . . .      Spirit   .   o - +0 plate armour
rPois   .          Reflect  .   (no helmet)
rElec   .          Harm     .   z - scarf {shadows}
rCorr   .          Rampage  +   l - +0 pair of gloves
Will    .....                   r - +2 pair of boots {rampage}
Stlth   ..........              (no amulet)
HPRegen 0.26/turn               g - +4 ring of evasion
MPRegen 0.13/turn               a - +6 ring of dexterity

@: sanguine armoured, on berserk cooldown, slowed, unable to read, very slow
A: foul stench 1, sanguine armour 2, weakness stinger 2, cold resistance 1,
inability to read after injury 1
a: Renounce Religion, Berserk, Trog's Hand, Brothers in Arms


You were on level 13 of the Dungeon.
You worshipped Trog.
Trog was greatly pleased with you.
You visited 1 branch of the dungeon, and saw 13 of its levels.

You collected 406 gold pieces.

Inventory:

Hand Weapons
 j - a +1 whip of flaming
 s - a +2 flail (weapon)
 t - a +4 dire flail of chaos
 w - a +1 whip of venom
 y - a +2 whip of freezing
 G - a +0 great mace
Armour
 l - a +0 pair of gloves (worn)
 o - a +0 plate armour (worn)
 r - a +2 pair of boots of rampaging (worn)
 z - a scarf of shadows (worn)
 J - a +0 buckler (worn)
Jewellery
 a - a +6 ring of dexterity (right hand)
 b - a ring of fire
 g - a +4 ring of evasion (left hand)
 E - a ring of willpower
 H - a ring of ice
Wands
 f - a wand of quicksilver (3)
 h - a wand of digging (4)
 x - a wand of iceblast (12)
 D - a wand of charming (6)
Scrolls
 c - 6 scrolls of identify
 k - 2 scrolls of teleportation
 p - 4 scrolls of noise
 q - 4 scrolls of fog
 u - a scroll of magic mapping
 A - 2 scrolls of enchant armour
 F - a scroll of brand weapon
Potions
 d - a potion of cancellation
 e - 2 potions of flight
 i - 2 potions of heal wounds
 m - 2 potions of curing
 n - 4 potions of lignification
 v - a potion of might
 B - a potion of haste
 C - a potion of attraction
 K - a potion of resistance


   Skills:
 + Level 10.0 Fighting
 + Level 13.7 Maces & Flails
 + Level 10.8 Armour
 - Level 3.5 Dodging
 * Level 1.9 Shields


You had 11 spell levels left.
You didn't know any spells.
Your spell library was empty.

Dungeon Overview and Level Annotations

Branches:
Dungeon (14/15)            Temple (0/1) D:6            Lair (0/5) D:10
    Orc: D:9-12      Vaults: D:13-14

Altars:
Fedhas
Hepliaklqana
Okawaru
Wu Jian
Xom

Shops:
D:1 (   D:9 =   D:10 *   D:13 *


Innate Abilities, Weirdness & Mutations

You may rarely emit foul miasma when damaged in melee.
When seriously injured, your blood forms thick armour. (AC +9)
You have a tail ending in a sharp stinger.
Your flesh is cold resistant. (rC+)
You occasionally lose the ability to read scrolls when taking damage.


Message History

The skeletal warrior hits you with a +0 war axe.
* * * LOW HITPOINT WARNING * * *
You hit the skeletal warrior but do no damage.
You tail-slap the skeletal warrior.
The skeletal warrior is almost destroyed.
The skeletal warrior hits you with a +0 war axe.
* * * LOW HITPOINT WARNING * * *
You hit the skeletal warrior but do no damage.
The skeletal warrior is almost destroyed.
The skeletal warrior hits you but does no damage.
You barely miss the skeletal warrior.
The skeletal warrior is almost destroyed.
The skeletal warrior barely misses you.
You hit the skeletal warrior but do no damage.
The skeletal warrior is almost destroyed.
The skeletal warrior hits you but does no damage.
You hit the skeletal warrior but do no damage.
The skeletal warrior is almost destroyed.
You block the skeletal warrior's attack.
You closely miss the skeletal warrior.
You tail-slap the skeletal warrior, but do no damage.
The skeletal warrior is almost destroyed.
The skeletal warrior hits you with a +0 war axe!
* * * LOW HITPOINT WARNING * * *
You completely miss the skeletal warrior.
The skeletal warrior is almost destroyed.
The skeletal warrior hits you but does no damage.
You closely miss the skeletal warrior.
The skeletal warrior is almost destroyed.
You block the skeletal warrior's attack.
The skeletal warrior hits you with a +0 war axe.
* * * LOW HITPOINT WARNING * * *
You hit the skeletal warrior but do no damage.
The skeletal warrior is almost destroyed.
The skeletal warrior hits you but does no damage.
You hit the skeletal warrior but do no damage.
The skeletal warrior is almost destroyed.
The skeletal warrior hits you with a +0 war axe!!
You feel threatened and lose the ability to read scrolls!
You die...

########### #.........#
#.........# #.........#
#.........#
########.........#####
##.....)...............
.....z@)...............
.......................
....##########.........
... #......... #.
#......... #
...#.####'###
#y.#.#......#
#..#†#......#
#y.#.#<.^...#


You could see a skeletal warrior.

Vanquished Creatures
  2 boulder beetles (D:14)
  A two-headed ogre (D:11)
  2 centaur warriors
  A tengu warrior (D:14)
  3 skeletal warriors (D:13)
  A wizard (D:14)
  Pikel (D:8)
  2 necromancers (D:14)
  5 ugly things (D:14)
  2 cyclopes
  A manticore (D:13)
  5 kobold demonologists
  A komodo dragon (D:10)
  A meliai (shapeshifter) (D:14)
  A troll (D:14)
  Sigmund (D:2)
  A vampire (D:10)
  2 wraiths
  2 wyverns (D:10)
  A shadow (D:13)
  12 yaks
  Eustachio (D:5)
  A steam dragon (D:8)
  16 humans (D:14)
  An acid dragon (D:14)
  2 vampire mosquitoes (D:13)
  5 water moccasins
  An ice beast (D:7)
  4 orc warriors
  2 ogres (D:4)
  A centaur (D:6)
  A phantom (D:7)
  2 lemures (D:8)
  Blork the orc (D:6)
  4 bullfrogs
  9 kobold brigands
  2 necrophages
  2 scorpions
  5 wights (D:7)
  4 killer bees (D:8)
  2 howler monkeys
  4 hounds
  A jelly (D:6)
  Crazy Yiuf (D:2)
  6 orc priests
  2 gnoll boudas
  Terence (D:3)
  7 iguanas
  9 orc wizards
  Robin (D:3)
  10 gnolls
  13 adders
  A shadow imp (D:8)
  A white imp (D:8)
  An ufetubus (D:5)
  2 dart slugs
  33 orcs
  10 ball pythons
  8 endoplasms
  4 giant cockroaches
  12 goblins
  11 hobgoblins
  2 jackals (D:4)
  30 kobolds
  7 bats
  3 frilled lizards
  9 rats
303 creatures vanquished.

Vanquished Creatures (collateral kills)
  An ugly thing (D:14)
1 creature vanquished.

Grand Total: 304 creatures vanquished

Notes
Turn   | Place    | Note
-------+----------+-------------------------------------------
     0 | D:1      | fantasyman the Demonspawn Berserker began the quest for the
                  | Orb.
     0 | D:1      | Reached XP level 1. HP: 18/18 MP: 1/1
   254 | D:1      | Reached skill level 3 in Maces & Flails
   255 | D:1      | Gained mutation: When seriously injured, your blood forms
                  | armour. (AC +9) [demonic ancestry]
   255 | D:1      | Reached XP level 2. HP: 21/24 MP: 2/2
   653 | D:1      | Found Itueroni's Antique Weapon Shop.
   939 | D:1      | Gained mutation: You have a small tail. [demonic ancestry]
   939 | D:1      | Reached XP level 3. HP: 29/29 MP: 3/3
   976 | D:1      | Reached ** piety under Trog
  1280 | D:2      | Noticed Sigmund
  1285 | D:2      | Killed Sigmund
  1286 | D:2      | Reached skill level 4 in Maces & Flails
  1286 | D:2      | Reached XP level 4. HP: 37/37 MP: 4/4
  1286 | D:2      | Gained mutation: You have a tail ending in a sharp stinger.
                  | [demonic ancestry]
  1286 | D:2      | Reached XP level 5. HP: 42/42 MP: 5/5
  1745 | D:2      | Found a runed translucent door.
  1746 | D:2      | Noticed Crazy Yiuf
  1850 | D:2      | Found a faded altar of an unknown god.
  2094 | D:2      | Killed Crazy Yiuf
  2095 | D:2      | Reached XP level 6. HP: 48/48 MP: 6/6
  2401 | D:3      | Found a blossoming altar of Fedhas.
  2402 | D:3      | Found an iron altar of Okawaru.
  2425 | D:3      | Reached skill level 5 in Maces & Flails
  2766 | D:3      | Noticed Robin
  2791 | D:3      | Killed Robin
  2856 | D:3      | Noticed Terence
  2868 | D:3      | Killed Terence
  3154 | D:3      | Reached *** piety under Trog
  3359 | D:4      | Reached XP level 7. HP: 55/55 MP: 7/7
  3769 | D:4      | Reached skill level 6 in Maces & Flails
  3809 | D:4      | Identified the +0 leather armour "Doilaj" {Fly rF+ Str-4
                  | Dex+7}
  4048 | D:5      | Entered Level 5 of the Dungeon
  4663 | D:5      | Gained mutation: You may rarely emit foul miasma when
                  | damaged in melee. [demonic ancestry]
  4663 | D:5      | Reached XP level 8. HP: 39/61 MP: 8/8
  5008 | D:5      | Noticed Eustachio
  5019 | D:5      | Killed Eustachio
  5020 | D:5      | Reached skill level 7 in Maces & Flails
  5495 | D:6      | Reached skill level 5 in Fighting
  6023 | D:6      | Reached skill level 5 in Armour
  6155 | D:6      | Noticed Blork the orc
  6178 | D:6      | Killed Blork the orc
  7056 | D:6      | Found a staircase to the Ecumenical Temple.
  7792 | D:7      | Reached XP level 9. HP: 69/69 MP: 9/9
  7802 | D:7      | Reached skill level 8 in Maces & Flails
  8302 | D:7      | Found a shimmering altar of Xom.
  8303 | D:7      | Found a hazy altar of Hepliaklqana.
  8304 | D:7      | Noticed a spectral ugly thing
  8746 | D:8      | Noticed Pikel
  8757 | D:8      | Killed Pikel
  8948 | D:8      | Gained mutation: You occasionally lose the ability to read
                  | scrolls when taking damage. [potion of mutation]
  8948 | D:8      | Gained mutation: Your flesh is cold resistant. (rC+)
                  | [potion of mutation]
  9032 | D:8      | Reached skill level 9 in Maces & Flails
  9568 | D:8      | Noticed a kobold demonologist
  9573 | D:8      | Killed a kobold demonologist
  9581 | D:8      | Reached XP level 10. HP: 77/77 MP: 10/10
  9585 | D:8      | Reached **** piety under Trog
  9988 | D:9      | Reached skill level 10 in Maces & Flails
 10385 | D:9      | Found Vump's Jewellery Shop.
 11129 | D:9      | Noticed a cyclops
 11130 | D:9      | Noticed a boulder beetle
 11132 | D:9      | Noticed a centaur warrior
 11419 | D:9      | Killed a centaur warrior
 11740 | D:10     | Entered Level 10 of the Dungeon
 11816 | D:10     | Reached skill level 11 in Maces & Flails
 12312 | D:10     | Found Dohahuq's Serpentskin Sales.
 12468 | D:10     | Found a staircase to the Lair.
 12599 | D:10     | Reached ***** piety under Trog
 12964 | D:10     | Reached XP level 11. HP: 70/85 MP: 11/11
 13435 | D:11     | Noticed a soul eater
 13560 | D:11     | Noticed a soul eater
 13997 | D:11     | Noticed a two-headed ogre
 14009 | D:11     | Killed a two-headed ogre
 14077 | D:11     | Reached skill level 12 in Maces & Flails
 14351 | D:11     | You fall into a shaft and drop 3 floors!
 14370 | D:14     | Noticed a tengu warrior
 14378 | D:14     | Killed a tengu warrior
 14670 | D:14     | Noticed a boulder beetle
 14699 | D:14     | Killed a boulder beetle
 14906 | D:14     | Noticed a boulder beetle
 14934 | D:14     | Killed a boulder beetle
 15105 | D:14     | Found an ornate altar of the Wu Jian Council.
 15741 | D:14     | Noticed a white ugly thing
 15742 | D:14     | Noticed a white ugly thing
 15742 | D:14     | Noticed a white ugly thing
 15744 | D:14     | Noticed a white ugly thing
 15746 | D:14     | Noticed a white ugly thing
 15746 | D:14     | Noticed a centaur warrior
 15748 | D:14     | Noticed a white ugly thing
 15779 | D:14     | Killed a purple ugly thing
 15783 | D:14     | Killed a centaur warrior
 15788 | D:14     | Killed a purple ugly thing
 15796 | D:14     | Killed a cyan ugly thing
 15804 | D:14     | HP: 4/89 [white ugly thing (10)]
 15813 | D:14     | Killed a red ugly thing
 15817 | D:14     | Killed a purple ugly thing
 15818 | D:14     | Reached skill level 10 in Armour
 15824 | D:14     | Killed a red ugly thing
 15825 | D:14     | Reached skill level 13 in Maces & Flails
 15825 | D:14     | Gained mutation: When seriously injured, your blood forms
                  | thick armour. (AC +9) [demonic ancestry]
 15825 | D:14     | Reached XP level 12. HP: 45/95 MP: 12/12
 16225 | D:14     | Noticed a vault guard
 17001 | D:13     | Found Oxeb's Fire Supplies.
 17082 | D:13     | Reached skill level 1 in Shields
 17171 | D:13     | Reached skill level 10 in Fighting
 17187 | D:13     | Slain by a skeletal warrior

Illustrated notes

Levels and vault maps discovered:
D:1:      evilmike_arrival_hilbert_curve, layout_basic, serial_shops, shop
D:2:      layout_loops_ring, shapermc_ecumenical_altar_notcrosses, uniq_sigmund,
          uniq_crazy_yiuf_cottage
D:3:      layout_loops_ring, minitemple, minmay_goblin_outpost, uniq_robin,
          uniq_terence
D:4:      layout_gridville, minmay_surrounded
D:5:      nicolae_cairo_tiling_large, layout_basic, uniq_eustachio
D:6:      layout_basic, temple_doors_ab, uniq_blork_the_orc
D:7:      layout_gridville, regret_index_temple_of_mockery
D:8:      layout_basic, uniq_pikel
D:9:      minmay_blocky_corners, layout_basic, serial_shops,
          nicolae_inconvenience_store, hex_large
D:10:     layout_basic, lair_entry_dummy, guppyfry_shop_venom
D:11:     layout_loops_ring, uniq_josephine
D:13:     layout_irregular_city, nicolae_shop_fire_sale [nicolae_sub_dead_trees]
D:14:     layout_loops_ring, grunt_vaults_entry_tiered,
          nicolae_wu_jian_immortal_techniques

Skill      XL: |  1  2  3  4  5  6  7  8  9 10 11 12 |
---------------+-------------------------------------+-----
Maces & Flails | 3 4 5 6 7 9 11 13 | 13.7
Armour         | 2 3 4 6 7 8 10 | 10.8
Dodging        | 2 3 |  3.5
Fighting       | 4 5 6 7 9 10 | 10.0
Shields        | 1 |  1.9

Action                   |  1- 3 |  4- 6 |  7- 9 | 10-12 || total
-------------------------+-------+-------+-------+-------++-------
Melee: Mace              |    37 |       |       |       ||    37
       Punch             |     3 |     2 |     6 |       ||    11
       Whip              |    49 |   141 |   322 |    47 ||   559
       Tailslap          |     1 |    17 |    55 |   100 ||   173
       Dire flail        |       |       |    71 |   429 ||   500
       Flail             |       |       |       |    76 ||    76
Invok: Berserk           |     1 |     3 |     8 |    11 ||    23
       Trog's Hand       |       |       |     2 |     3 ||     5
       Brothers in Arms  |       |       |       |     1 ||     1
  Use: Scroll            |     5 |     2 |     8 |     4 ||    19
       Potion            |     2 |     3 |     2 |     2 ||     9
Armor: Ring mail         |    35 |    24 |       |       ||    59
       Chain mail        |       |     9 |    96 |       ||   105
       Plate armour      |       |       |    65 |   234 ||   299
Dodge: Dodged            |    48 |    87 |   203 |   198 ||   536
Block: Buckler           |       |       |       |    12 ||    12
